 Dungeon Crawl Stone Soup version 0.32-a0-953-g508020473e (webtiles) character file.

Game seed: 6238290792194763155

39 Autsider the Grasshopper (level 3, 0/19 HPs)
             Began as a Vine Stalker Warper on Apr 16, 2024.
             Splashed by a jelly's acid (6 damage)
             ... on level 5 of the Dungeon.
             The game lasted 00:03:57 (904 turns).

Autsider the Grasshopper (Vine Stalker Warper)       Turns: 904, Time: 00:03:58

Health: 0/19       AC:  0    Str: 13    XL:     3   Next: 47%
Magic:  0/7        EV: 10    Int: 13    God:
Gold:   65         SH:  0    Dex: 15    Spells: 6/6 levels left

rFire   . . .        a - +0 short sword
rCold   . . .        (no shield)
rNeg    . . .        b - +0 leather armour
rPois   .            (no helmet)
rElec   .            (no cloak)
rCorr   .            (no gloves)
SInv    +            (no boots)
Will    .....        (no amulet)
Stlth   ++           l - ring of see invisible
HPRegen 1.03/turn    (no ring)
MPRegen 0.10/turn

%: guardian spirit
@: corroded
A: fangs 2, regeneration 1, magic shield, antimagic bite, no potion heal 2
a: no special abilities


You were on level 5 of the Dungeon.
You visited 1 branch of the dungeon, and saw 4 of its levels.

You collected 65 gold pieces.

Inventory:

Hand Weapons
 a - a +0 short sword (weapon)
 m - a +0 rapier
Missiles
 d - 7 darts of dispersal (quivered)
 i - 8 stones
Armour
 b - a +0 leather armour (worn)
Jewellery
 l - a ring of see invisible (left hand)
Scrolls
 c - a scroll of blinking
 h - 3 scrolls of teleportation
 j - a scroll of enchant armour {unknown}
 k - a scroll of immolation {unknown}
Potions
 f - 2 potions of enlightenment
 g - a potion of curing {@q1}


   Skills:
 + Level 2.4 Fighting
 + Level 2.3 Short Blades
 - Level 0.8 Throwing
 - Level 0.7 Armour
 - Level 1.5 Dodging
 + Level 2.1 Stealth
 - Level 2.1 Spellcasting
 - Level 3.0 Translocations


You had 6 spell levels left.
You didn't know any spells.
Your spell library contained the following spells:

 Spells                   Type           Power      Damage    Failure   Level
 Blink                    Tloc           18%        N/A       14%         2
 Lesser Beckoning         Tloc           18%        N/A       14%         2
 Maxwell's Portable Pile  Tloc           9%         2d(6-16)  28%         3
 Teleport Other           Tloc           9%         N/A       28%         3
 Vhi's Electric Charge    Tloc/Air       10%        N/A       86%         4


Dungeon Overview and Level Annotations

Branches:
Dungeon (5/15)
 Temple: D:4-7

Altars:

Shops:
D:1 [

Annotations:
D:2 Terence


Innate Abilities, Weirdness & Mutations

You have extremely sharp teeth.
Your natural rate of healing is unusually fast.
When hurt, damage is shared between your health and your magic reserves.
Your bite disrupts and absorbs the magic of your enemies.
Potions cannot restore your health.


Message History

As you read the scroll of identify, it crumbles to dust.
f - 2 potions of enlightenment
As you read the scroll of identify {@r1}, it crumbles to dust.
g - a potion of curing A jelly comes into view.
Found a dark potion.
An orc comes into view. It is wielding a +0 club.
The jelly quivers.
You hit the jelly.
Your hands burn!
The jelly is moderately wounded.
You hit the jelly.
Your hands burn!
You bite the jelly. You drain its power.
You feel invigorated.
The jelly is heavily wounded.
The jelly hits you.
You are splashed with acid!
* * * LOW HITPOINT WARNING * * *
You hit the jelly.
Your hands burn!
* * * LOW HITPOINT WARNING * * *
You bite the jelly. You drain its power.
You feel invigorated.
The jelly is severely wounded.
The jelly closely misses you.
You hit the jelly. The acid corrodes you!
Your hands burn!
* * * LOW HITPOINT WARNING * * *
The jelly is almost dead.
The jelly barely misses you.
You hit the jelly but do no damage.
Your hands burn!
* * * LOW HITPOINT WARNING * * *
The jelly is almost dead.
The jelly barely misses you.
You hit the jelly.
Your hands burn!
* * * LOW HITPOINT WARNING * * *
The jelly is almost dead.
The jelly closely misses you.
You hit the jelly.
Your hands burn!
* * * LOW HITPOINT WARNING * * *
You bite the jelly, but do no damage.
The jelly is almost dead.
The jelly hits you.
* * * LOW HITPOINT WARNING * * *
You are splashed with acid!
You die...

#. . o##
..# #!#
#.# #J#
#@######..
#.........
#..#####.
#..# #..#
#..# #..#
#<.# #..#


You could see a jelly and an orc.

Vanquished Creatures
  A dart slug (D:1)
  A ribbon worm (D:2)
  4 bats (D:1)
  An endoplasm (D:1)
  5 giant cockroaches
  2 goblins
  3 hobgoblins (D:1)
  4 jackals
  5 ball pythons
  2 frilled lizards (D:1)
  2 kobolds (D:1)
  A rat (D:1)
31 creatures vanquished.

Notes
Turn   | Place    | Note
-------+----------+-------------------------------------------
     0 | D:1      | Autsider the Vine Stalker Warper began the quest for the
                  | Orb.
     0 | D:1      | Reached XP level 1. HP: 11/11 MP: 4/4
   104 | D:1      | Reached skill level 1 in Stealth
   106 | D:1      | Reached XP level 2. HP: 15/15 MP: 6/6
   300 | D:1      | Found Rusmovit's Armour Emporium.
   324 | D:1      | Reached XP level 3. HP: 18/18 MP: 5/7
   667 | D:2      | Noticed Terence
   795 | D:2      | You fall into a shaft and drop 2 floors!
   865 | D:4      | Noticed a black bear
   882 | D:5      | Entered Level 5 of the Dungeon
   904 | D:5      | Splashed by a jelly's acid

Illustrated notes

Levels and vault maps discovered:
D:1:      dpeg_arrival_round_c, layout_rooms, serial_shops, shop
D:2:      layout_basic, nicolae_eternal_life, minmay_misc_feat_enclosed,
          uniq_terence
D:4:      layout_loops_ring, temple_fountains, serial_bayou,
          serial_bayou_ford_a, serial_bayou_crossing, serial_bayou_pond_a,
          serial_bayou_lake_a, hangedman_decor_opposing, uniq_sigmund, uniq_ijyb
D:5:      layout_loops_ring, chequers_ossuary_entry_cave,
          minmay_manual_mandibuliform

Skill      XL: |  1  2  3 |
---------------+----------+-----
Fighting       | 2 |  2.4
Short Blades   | 2 |  2.3
Stealth        | 1 2 |  2.1
Throwing       | |  0.8
Armour         | |  0.7
Dodging        | |  1.5
Spellcasting   | |  2.1
Translocations | |  3.0

Action                     || total
---------------------------++-------
  Melee: Short sword       ||   112
         Bite              ||    32
    Use: Scroll            ||     3
   Stab: Sleeping          ||     2
 Armour: Leather armour    ||    62
  Dodge: Dodged            ||    69

Table legend: (Time is in decaauts)
 A = Elapsed time spent in this place.
 B = Non-inter-level travel time spent in this place.
 C = Inter-level travel time spent in this place.
 D = Time resting spent in this place.
 E = Time spent auto-exploring this place.
 F = Levels seen in this place.
 G = Mean time per level.
                   A        B        C        D        E       F      G
               +--------+--------+--------+--------+--------+-----+--------+
         Total |    891 |    879 |     12 |      0 |    502 |   4 |  222.8 |
       Dungeon |    891 |    879 |     12 |      0 |    502 |   4 |  222.8 |
               +--------+--------+--------+--------+--------+-----+--------+

Top non-repeatable levels by time:
     D:1: 488 daAuts
     D:2: 295 daAuts
     D:4: 86 daAuts
     D:5: 21 daAuts
